 Dungeon Crawl Stone Soup version 0.19.5 (webtiles) character file.

763 Inarius the Shield-Bearer (level 7, -1/61 HPs)
             Began as a Minotaur Fighter on Apr 17, 2017.
             Was a Follower of Makhleb.
             Slain by a yak (11 damage)
             ... on level 6 of the Dungeon.
             The game lasted 00:23:35 (5980 turns).

Inarius the Shield-Bearer (Minotaur Fighter)        Turns: 5980, Time: 00:23:35

Health: -1/61      AC: 13    Str: 22    XL:     7   Next: 51%
Magic:  6/6        EV:  5    Int:  5    God:    Makhleb [*.....]
Gold:   309        SH: 11    Dex: 10    Spells: 0 memorised, 6 levels left

rFire  . . .     SeeInvis .     C - -2 flail (curse)
rCold  . . .     Gourm    .     A - +0 plate armour
rNeg   . . .     Faith    .     c - +1 shield
rPois  .         Spirit   .     (helmet restricted)
rElec  .         Reflect  .     k - +0 cloak
rCorr  .         Harm     .     (no gloves)
MR     .....                    (no boots)
Stlth  ..........               (no amulet)
                                (no ring)
                                (no ring)

@: no status effects
A: retaliatory headbutt, horns 2
a: Renounce Religion


You were on level 6 of the Dungeon.
You worshipped Makhleb.
Makhleb was aware of your devotion.
You were hungry.

You visited 1 branch of the dungeon, and saw 6 of its levels.

You collected 309 gold pieces.

Inventory:

Hand Weapons
 a - a +0 long sword
 C - a cursed -2 flail (weapon)
Missiles
 p - 5 tomahawks (quivered)
Armour
 c - a +1 shield (worn)
 k - a +0 cloak (worn)
 u - a +2 ring mail of magic resistance
 A - a +0 plate armour (worn)
Wands
 n - a wand of lightning (9/15)
 r - a wand of flame (11/48)
 s - a wand of confusion (48/48)
 y - a wand of lightning (6/15)
Scrolls
 h - a scroll of blinking
 j - 2 scrolls of fear
 m - a scroll of noise
 q - a scroll of amnesia
Potions
 d - 3 potions of might
 e - 3 potions of curing {unknown}
 g - a potion of cure mutation {unknown}
 i - a potion of flight {unknown}
 l - 2 potions of lignification {unknown}
 o - 2 potions of berserk rage {unknown}
 t - a potion of invisibility {unknown}
 v - a potion of haste {unknown}
 w - a potion of agility {unknown}
 x - a potion of ambrosia {unknown}
 z - a potion of magic {unknown}
Comestibles
 b - 2 meat rations
 f - 2 bread rations
 B - 6 chunks of flesh


   Skills:
 + Level 5.2 Fighting
 + Level 4.6 Long Blades
 + Level 3.8 Maces & Flails
 + Level 1.4 Throwing
 + Level 5.2 Armour
 + Level 2.1 Dodging
 + Level 0.3 Stealth
 + Level 6.1 Shields


You had 6 spell levels left.
You didn't know any spells.

Dungeon Overview and Level Annotations

Branches:
Dungeon (6/15)             Temple (0/1) D:6

Altars:
Elyvilon
Fedhas
Makhleb
Ru
Xom
Zin

Shops:
D:4 *

Annotations:
D:3 ghjk's ghost, amateur MiFi


Innate Abilities, Weirdness & Mutations

You reflexively headbutt those who attack you in melee.
You have a pair of horns on your head.


Message History

The yak is heavily wounded.
You block the yak's attack. The yak barely misses you. You furiously retaliate!
You headbutt the yak.
You block the yak's attack. x3; The yak gores you!
The yak gores you but does no damage.
You hit the yak.
The yak is severely wounded.
The yak gores you but does no damage. The yak gores you.
* * * LOW HITPOINT WARNING * * *
The yak gores you.
* * * LOW HITPOINT WARNING * * *
You block the yak's attack. x2
You hit the yak.
The yak is severely wounded.
The yak barely misses you. The yak gores you.
* * * LOW HITPOINT WARNING * * *
You block the yak's attack. x2; The yak gores you but does no damage.
You hit the yak.
The yak is almost dead.
You block the yak's attack. x4; The yak gores you!
You die...

#.........## ## #..........#
..........## ...........#
#..........## #.. ####
.....#.....# .. ###...
#....##....## #.###.....
#...# #...YY# ..#..(.... #.##
#.).Y@## ##.##.....(. #.
#...YY.# #..# #...... ##.#
##.....####.# ##.....
#...#####....[...).####......
#...#..........((..........
#.........................
##......._..............###
#...................#####
#....#............###


You could see 5 yaks.

Vanquished Creatures
  A water moccasin (D:5)
  An orc warrior (D:6)
  A scorpion (D:5)
  A crimson imp (D:6)
  3 orc wizards
  2 iguanas (D:4)
  3 worker ants
  A hound zombie (D:6)
  3 gnolls (D:4)
  9 adders
  2 shadow imps
  2 oozes
  An adder skeleton (D:6)
  3 worms (D:4)
  5 dart slugs
  17 orcs
  6 bats
  7 giant cockroaches
  5 goblins
  8 hobgoblins
  8 jackals
  A quokka (D:2)
  2 ball pythons
  9 frilled lizards
  6 kobolds
  A leopard gecko zombie (D:5)
  7 rats
115 creatures vanquished.

Vanquished Creatures (others)
  5 dream sheep (D:3)
  7 plants (D:6)
12 creatures vanquished.

Grand Total: 127 creatures vanquished

Notes
Turn   | Place    | Note
-------+----------+-------------------------------------------
     0 | D:1      | Inarius the Minotaur Fighter began the quest for the Orb.
     0 | D:1      | Reached XP level 1. HP: 19/19 MP: 0/0
    96 | D:1      | Reached XP level 2. HP: 27/27 MP: 1/1
   135 | D:1      | Reached skill level 4 in Shields
   299 | D:1      | Reached XP level 3. HP: 32/33 MP: 2/2
  1118 | D:2      | Reached XP level 4. HP: 39/40 MP: 3/3
  1689 | D:3      | Found a faded altar of an unknown god.
  1850 | D:3      | Reached XP level 5. HP: 46/46 MP: 4/4
  1860 | D:3      | Noticed ghjk's ghost (amateur MiFi)
  2264 | D:3      | Reached skill level 5 in Shields
  2474 | D:3      | Noticed a dream sheep
  2474 | D:3      | Noticed a dream sheep
  2474 | D:3      | Noticed a dream sheep
  2474 | D:3      | Noticed a dream sheep
  2474 | D:3      | Noticed a dream sheep
  2474 | D:3      | Found a shimmering altar of Xom.
  2478 | D:3      | Killed a dream sheep
  2478 | D:3      | Killed a dream sheep
  2478 | D:3      | Killed a dream sheep
  2478 | D:3      | Killed a dream sheep
  2478 | D:3      | Killed a dream sheep
  2900 | D:3      | Found a glowing silver altar of Zin.
  3215 | D:4      | Found a burning altar of Makhleb.
  3243 | D:4      | Became a worshipper of Makhleb the Destroyer
  3270 | D:4      | Reached skill level 1 in Dodging
  3788 | D:4      | Found a white marble altar of Elyvilon.
  3810 | D:4      | Reached skill level 1 in Maces & Flails
  3810 | D:4      | Reached XP level 6. HP: 33/53 MP: 5/5
  3932 | D:4      | Found Uwnuugua's General Store.
  4196 | D:5      | Entered Level 5 of the Dungeon
  4421 | D:5      | Reached * piety under Makhleb
  4613 | D:5      | Found a sacrificial altar of Ru.
  4848 | D:5      | Noticed a water moccasin
  4867 | D:5      | Killed a water moccasin
  4867 | D:5      | Reached skill level 1 in Throwing
  4867 | D:5      | Reached XP level 7. HP: 34/60 MP: 6/6
  5622 | D:6      | Reached skill level 5 in Fighting
  5622 | D:6      | Reached skill level 5 in Armour
  5622 | D:6      | Reached skill level 6 in Shields
  5645 | D:6      | Found a staircase to the Ecumenical Temple.
  5716 | D:6      | Found a blossoming altar of Fedhas.
  5855 | D:6      | Found a glowing silver altar of Zin.
  5964 | D:6      | Noticed a yak
  5965 | D:6      | Noticed a yak
  5965 | D:6      | Noticed a yak
  5966 | D:6      | Noticed a yak
  5966 | D:6      | Noticed a yak
  5980 | D:6      | Slain by a yak

Skill      XL: |  1  2  3  4  5  6  7 |
---------------+----------------------+-----
Shields        | 4 5 6 |  6.1
Fighting       | 4 5 |  5.2
Long Blades    | 3 4 |  4.6
Armour         | 4 5 |  5.2
Dodging        | 1 2 |  2.1
Maces & Flails | 1 3 |  3.8
Throwing       | 1 |  1.4
Stealth        | |  0.3

Action                   |  1- 3 |  4- 6 |  7- 9 || total
-------------------------+-------+-------+-------++-------
Melee: Long sword        |    75 |    75 |     9 ||   159
       Headbutt          |    10 |    33 |    10 ||    53
       Flail             |       |   136 |    40 ||   176
Throw: Tomahawk          |       |    14 |     3 ||    17
  Use: Scroll            |       |     9 |     1 ||    10
       Potion            |       |     1 |       ||     1
  Eat: Chunk             |     1 |     7 |     2 ||    10
       Bread ration      |       |     1 |       ||     1
       Beef jerky        |       |       |     1 ||     1
Armor: Scale mail        |    14 |       |       ||    14
       Ring mail         |    30 |    52 |     2 ||    84
       Plate armour      |       |       |    17 ||    17
Dodge: Dodged            |    22 |    78 |     7 ||   107
Block: Shield            |    41 |   125 |    38 ||   204
       Rpst.: Long sword |     8 |     7 |       ||    15
